 Dungeon Crawl Stone Soup version 0.23-a0-417-gf02c810438 (webtiles) character file.

45040 Napalmbreeze the Grappler (level 13, -5/132 HPs)
             Began as a Troll Berserker on Nov 11, 2018.
             Was an Elder of Trog.
             Slain by a wolf spider (21 damage)
             ... on level 6 of the Lair of Beasts.
             The game lasted 00:33:44 (15288 turns).

Napalmbreeze the Grappler (Troll Berserker)        Turns: 15288, Time: 00:33:45

Health: -5/132     AC: 12    Str: 28    XL:     13   Next: 99%
Magic:  17/17      EV: 14    Int:  7    God:    Trog [****..]
Gold:   1229       SH:  0    Dex:  9    Spells: 12/12 levels left

rFire    + . .     SeeInvis +     - Unarmed
rCold    . . .     Gourm    +   (no shield)
rNeg     + . .     Faith    .   M - +0 troll leather armour
rPois    .         Spirit   .   U - +0 hat {Int+3}
rElec    .         Reflect  .   (no cloak)
rCorr    .         Harm     .   (gloves unavailable)
MR       .....                  (boots unavailable)
Stlth    +.........             a - amulet "Pyz Weal" {Gourm rF+ rN+ Str-3 SInv}
HPRegen  1.12/turn              w - +5 ring of protection
MPRegen  0.15/turn              u - +1 ring of evasion

@: slowed, very slow
A: large, unfitting armour, claws 3, fast metabolism 3, gourmand, regeneration
1, shaggy fur 1, tough skin 2
a: Berserk, Trog's Hand, Brothers in Arms, Renounce Religion


You were on level 6 of the Lair of Beasts.
You worshipped Trog.
Trog was greatly pleased with you.
You were completely stuffed.

You visited 2 branches of the dungeon, and saw 18 of its levels.

You collected 1229 gold pieces.

Inventory:

Hand Weapons
 F - a +0 giant spiked club
 H - a +0 battleaxe of flaming
Missiles
 j - 4 javelins
 k - 6 throwing nets
 R - 11 large rocks (quivered)
Armour
 M - a +0 troll leather armour (worn)
 U - a +0 hat of intelligence (worn)
Jewellery
 a - the amulet "Pyz Weal" (around neck) {Gourm rF+ rN+ Str-3 SInv}
   (You found it on level 1 of the Lair of Beasts)

   [amulet of the gourmand]

   It allows you to eat raw meat even when not hungry.
   It affects your strength (-3).
   It protects you from fire.
   It protects you from negative energy.
   It lets you see invisible.
 l - an uncursed ring of ice
 r - an uncursed ring of protection from cold
 u - a +1 ring of evasion (right claw)
 w - a +5 ring of protection (left claw)
 A - an uncursed amulet of magic regeneration {unknown}
 G - an uncursed ring of protection from fire
 O - an uncursed ring of flight
Wands
 q - a wand of acid (9)
 t - a wand of flame (26)
 y - a wand of disintegration (11)
 K - a wand of polymorph (25)
 S - a wand of iceblast (26)
 W - a wand of paralysis (6)
Scrolls
 h - 5 scrolls of enchant armour
 i - 2 scrolls of summoning
 o - 5 scrolls of identify
 p - 5 scrolls of fog
 x - a scroll of brand weapon
 C - 3 scrolls of remove curse
 E - a scroll of holy word
 J - 7 scrolls of teleportation
 L - 2 scrolls of torment
 N - a scroll of silence {unknown}
 Q - a scroll of magic mapping
 V - a scroll of noise {unknown}
 X - a scroll of blinking
Potions
 c - 4 potions of agility
 d - 2 potions of brilliance
 e - 5 potions of invisibility
 f - 5 potions of curing
 g - 3 potions of lignification {unknown}
 n - 4 potions of heal wounds {unknown}
 s - 4 potions of might {unknown}
 v - 5 potions of degeneration {unknown}
 z - 7 potions of flight {unknown}
 D - 3 potions of resistance
 I - 2 potions of magic {unknown}
 P - a potion of haste {unknown}
 T - a potion of ambrosia {unknown}
Miscellaneous
 m - 2 phantom mirrors
Comestibles
 b - 41 rations
 B - a chunk of flesh


   Skills:
 + Level 9.6 Fighting
 - Level 5.0 Throwing
 + Level 4.4 Armour
 + Level 9.6 Dodging
 + Level 14.2 Unarmed Combat
 + Level 7.8 Evocations


You had 12 spell levels left.
You didn't know any spells.
Your spell library was empty.

Dungeon Overview and Level Annotations

Branches:
Dungeon (12/15)            Temple (0/1) D:7            Lair (6/6) D:11
 Shoals (0/4) Lair:3        Snake (0/4) Lair:4        Slime (0/5) Lair:5
    Orc (0/2) D:9

Altars:
Dithmenos
Elyvilon
Gozag
Hepliaklqana
Makhleb
Nemelex Xobeh
Okawaru
Vehumet
Wu Jian
Xom
Yredelemnul
Zin
The Shining One
Jiyva

Shops:
D:4 !   D:9 (

Portals:
Trove: D:11 (give +6 fire dragon scales)

Annotations:
D:10 SHIELD OF GONG
D:12 2 transporters, Notair's ghost, journeyman MiGl


Innate Abilities, Weirdness & Mutations

You are too large for most types of armour.
You have claws for hands.
Your metabolism is lightning-fast.
You like to eat raw meat.
Your natural rate of healing is unusually fast.
You are covered in fur. (AC +1)
You have very tough skin. (AC +2)


Message History

The wolf spider barely misses you. The wolf spider bites you!
The wolf spider hits you but does no damage.
The wolf spider misses you. The torpor snail bites you!!
* * * LOW HITPOINT WARNING * * *
The wolf spider misses you. The wolf spider barely misses you.
You feel very sick.
Your ogre hits the wolf spider with a giant club!
The wolf spider closely misses you. The wolf spider barely misses you.
You feel very sick.
Your ogre hits the wolf spider with a giant club!!
The wolf spider hits you!!
* * * LOW HITPOINT WARNING * * *
The wolf spider bites you but does no damage.
Unknown command.
You feel better.
The wolf spider hits you but does no damage.
The wolf spider bites you but does no damage.
Your ogre barely misses the wolf spider.
The wolf spider hits you!!
You die...

##### ### #.#.# ##P# ##
####..###..## #.#.
#........#
#.####....#..#.
##...P...P#....#
###........P##P... ..
#............####.
...####@#........#.###..
......PwsO.#PP....#.###.
P.......P.#######..## .♣
P#..P....#.# ##...##..
##P........# #.#....♣.
#...#.....####.....♣..
#...##.......#.....♣..
##.. #.........†......
.. .....#...†<......


You could see a torpor snail, a wolf spider and a friendly ogre (berserk).

Vanquished Creatures
  Gastronok (D:11)
  Fannar (Lair:2)
  Harold (D:9)
  A hydra (Lair:1)
  2 two-headed ogres
  An unseen horror (D:9)
  An oklob plant (Lair:4)
  A deep elf mage (D:12)
  2 ugly things (D:11)
  A wolf spider (Lair:6)
  2 cyclopes (D:11)
  3 elephants (Lair:5)
  Maurice (D:8)
  A guardian serpent (Lair:6)
  7 black mambas
  A torpor snail (Lair:6)
  A merfolk siren (Lair:3)
  14 spiny frogs
  Psyche (D:11)
  A gargoyle (D:12)
  4 komodo dragons
  2 rime drakes
  2 trolls
  A merfolk (Lair:3)
  A polar bear (Lair:5)
  2 hornets (Lair:6)
  A dream sheep (Lair:6)
  7 blink frogs
  7 hippogriffs
  A redback (Lair:6)
  A wraith (D:12)
  9 wyverns
  33 yaks
  3 hungry ghosts
  A basilisk (Lair:2)
  A vampire mosquito (D:11)
  Menkaure (D:7)
  2 nagas (Lair:4)
  A soldier ant (D:11)
  18 water moccasins
  10 porcupines
  5 orc warriors
  3 ice beasts
  3 sky beasts
  2 necrophages
  4 black bears
  An eye of draining (D:9)
  7 ogres
  27 wolves
  11 centaurs
  7 crocodiles
  3 big kobolds
  15 bullfrogs
  A wyvern zombie (D:11)
  A wyvern skeleton (D:6)
  4 scorpions
  3 wights (D:12)
  An electric eel (D:6)
  2 howler monkeys
  3 centaur zombies
  10 crimson imps
  2 quasits
  2 bullfrog zombies
  7 hounds
  A jelly (D:5)
  2 orc priests
  4 centaur skeletons
  9 orc wizards
  4 bullfrog skeletons
  An iguana (D:4)
  Jessica (D:2)
  Terence (D:2)
  7 worker ants
  6 hound zombies
  A hound skeleton (D:6)
  Robin (D:2)
  2 gnolls (D:3)
  5 worker ant zombies (D:6)
  A howler monkey skeleton (D:5)
  9 adders
  2 shadow imps
  2 oozes
  2 adder zombies (D:6)
  4 adder skeletons
  3 worms
  5 dart slugs
  8 leopard geckos
  30 orcs
  3 ball pythons
  2 giant cockroaches
  16 goblins
  12 hobgoblins
  10 jackals
  16 kobolds
  7 quokkas
  9 bats
  5 frilled lizards
  2 jackal zombies (D:6)
  2 leopard gecko zombies (D:6)
  2 quokka zombies
  3 rats
  A fungus (Lair:5)
  A plant (D:11)
  A withered plant (D:6)
479 creatures vanquished.

Vanquished Creatures (collateral kills)
  2 hydras
  Sonja (Lair:1)
  An oklob plant (Lair:3)
  A merfolk siren (Lair:3)
  A spiny frog (Lair:1)
  A merfolk (Lair:3)
  A hungry ghost (D:7)
  A porcupine (Lair:3)
  A scorpion (D:7)
  A bush (Lair:3)
  A plant (Lair:1)
12 creatures vanquished.

Vanquished Creatures (others)
  23 fungi
  29 plants
52 creatures vanquished.

Grand Total: 543 creatures vanquished

Notes
Turn   | Place    | Note
-------+----------+-------------------------------------------
     0 | D:1      | Napalmbreeze the Troll Berserker began the quest for the
                  | Orb.
     0 | D:1      | Reached XP level 1. HP: 22/22 MP: 0/0
   204 | D:1      | Reached XP level 2. HP: 29/29 MP: 1/1
   410 | D:1      | Reached XP level 3. HP: 29/36 MP: 2/2
   560 | D:1      | Reached ** piety under Trog
   943 | D:2      | Reached skill level 4 in Unarmed Combat
  1062 | D:2      | Reached XP level 4. HP: 44/44 MP: 3/3
  1102 | D:2      | Noticed Robin
  1124 | D:2      | Killed Robin
  1336 | D:2      | Noticed Terence
  1341 | D:2      | Killed Terence
  1341 | D:2      | Noticed Jessica
  1346 | D:2      | Killed Jessica
  1346 | D:2      | Reached XP level 5. HP: 52/53 MP: 4/4
  1933 | D:3      | Reached *** piety under Trog
  2238 | D:3      | Reached skill level 5 in Unarmed Combat
  2422 | D:4      | Noticed an ogre
  2423 | D:4      | Found a shimmering altar of Xom.
  2427 | D:4      | Killed an ogre
  2427 | D:4      | Reached XP level 6. HP: 61/61 MP: 5/5
  2462 | D:4      | Found a shadowy altar of Dithmenos.
  2542 | D:4      | Found Didweim's Distillery.
  2631 | D:4      | Found a sparkling altar of Nemelex Xobeh.
  2751 | D:4      | Found a shimmering altar of Xom.
  2751 | D:4      | Found a shimmering altar of Xom.
  2751 | D:4      | Found a shimmering altar of Xom.
  2753 | D:4      | Found a shimmering altar of Xom.
  2767 | D:4      | Reached skill level 6 in Unarmed Combat
  2767 | D:4      | Reached XP level 7. HP: 64/68 MP: 6/6
  2937 | D:4      | Found a glowing silver altar of Zin.
  2974 | D:4      | Found a basalt altar of Yredelemnul.
  2979 | D:4      | Found a glowing golden altar of the Shining One.
  2981 | D:4      | Noticed an angel
  3258 | D:4      | Found a radiant altar of Vehumet.
  3259 | D:4      | Found a burning altar of Makhleb.
  3374 | D:5      | Entered Level 5 of the Dungeon
  3450 | D:5      | Reached skill level 1 in Evocations
  3466 | D:5      | Reached skill level 7 in Unarmed Combat
  3470 | D:5      | Reached XP level 8. HP: 75/79 MP: 8/8
  3933 | D:6      | Reached **** piety under Trog
  3957 | D:6      | Found a white marble altar of Elyvilon.
  3963 | D:6      | Reached skill level 5 in Fighting
  3963 | D:6      | Reached skill level 8 in Unarmed Combat
  3971 | D:6      | Reached skill level 5 in Dodging
  4008 | D:6      | Found an ornate altar of the Wu Jian Council.
  4009 | D:6      | Found an opulent altar of Gozag.
  4096 | D:6      | Received a gift from Trog
  4252 | D:6      | Reached XP level 9. HP: 88/88 MP: 9/9
  4521 | D:7      | Found a shadowy altar of Dithmenos.
  4641 | D:7      | Noticed Menkaure
  4648 | D:7      | Killed Menkaure
  4650 | D:7      | Reached skill level 9 in Unarmed Combat
  4711 | D:7      | Noticed a troll
  4721 | D:7      | Killed a troll
  4805 | D:7      | Found a staircase to the Ecumenical Temple.
  4978 | D:8      | Noticed a two-headed ogre
  5091 | D:8      | Killed a two-headed ogre
  5270 | D:8      | Reached XP level 10. HP: 78/98 MP: 11/11
  5323 | D:8      | Reached skill level 10 in Unarmed Combat
  5628 | D:8      | Noticed Maurice
  5642 | D:8      | Killed Maurice
  5876 | D:9      | Found Aseroff's Weapon Shoppe.
  5876 | D:9      | Found a staircase to the Orcish Mines.
  5876 | D:9      | Noticed Harold
  5995 | D:9      | Killed Harold
  6414 | D:9      | Killed an unseen horror
  6414 | D:9      | Reached skill level 11 in Unarmed Combat
  6454 | D:9      | Found a hazy altar of Hepliaklqana.
  6680 | D:9      | Found an iron altar of Okawaru.
  6692 | D:10     | Entered Level 10 of the Dungeon
  7148 | D:10     | Noticed a six-headed hydra
  7149 | D:10     | Noticed a red ugly thing
  7149 | D:10     | Noticed a two-headed ogre
  7150 | D:10     | Found the +18 shield of the Gong {rElec rN+ MR+ EV-5}
  7448 | D:11     | Reached ***** piety under Trog
  7451 | D:11     | Found a portal to a secret trove of treasure.
  7572 | D:11     | Reached XP level 11. HP: 79/109 MP: 13/13
  7611 | D:11     | Noticed a green ugly thing
  7614 | D:11     | Killed a green ugly thing
  7614 | D:11     | Reached skill level 5 in Evocations
  7627 | D:11     | Noticed a two-headed ogre
  7634 | D:11     | Killed a two-headed ogre
  7877 | D:11     | Found a staircase to the Lair.
  7958 | D:11     | Noticed Psyche
  7967 | D:11     | Killed Psyche
  7967 | D:11     | Reached skill level 12 in Unarmed Combat
  8054 | D:11     | Noticed Gastronok
  8069 | D:11     | Killed Gastronok
  8199 | D:11     | Noticed a green ugly thing
  8206 | D:11     | Killed a green ugly thing
  8586 | D:12     | Noticed a deep elf mage
  8602 | D:12     | Killed a deep elf mage
  8602 | D:12     | Reached XP level 12. HP: 119/119 MP: 15/15
  8755 | D:12     | Noticed Notair's ghost (journeyman MiGl)
  8839 | D:12     | Found a transporter.
  8860 | D:12     | Noticed a death knight
  8990 | D:12     | Reached skill level 13 in Unarmed Combat
  9184 | D:12     | Found a transporter.
  9406 | Lair:1   | Entered Level 1 of the Lair of Beasts
  9408 | Lair:1   | Got a sparkling tin amulet
  9410 | Lair:1   | Identified the amulet "Pyz Weal" {Gourm rF+ rN+ Str-3 SInv}
                  | (You found it on level 1 of the Lair of Beasts)
  9587 | Lair:1   | Noticed a four-headed hydra
  9605 | Lair:1   | Killed a five-headed hydra
 10043 | Lair:1   | Noticed a five-headed hydra
 10052 | Lair:1   | Killed a three-headed hydra
 10052 | Lair:1   | Reached skill level 1 in Throwing
 10052 | Lair:1   | Reached skill level 1 in Armour
 10128 | Lair:1   | Noticed Sonja
 10140 | Lair:1   | Killed Sonja
 11005 | Lair:2   | Noticed Fannar
 11016 | Lair:2   | Killed Fannar
 11661 | Lair:3   | Reached XP level 13. HP: 118/130 MP: 17/17
 11689 | Lair:3   | Received a gift from Trog
 11790 | Lair:3   | Found a staircase to the Shoals.
 12600 | Lair:4   | Found a staircase to the Snake Pit.
 13145 | Lair:5   | Found a staircase to the Slime Pits.
 13145 | Lair:5   | Found a viscous altar of Jiyva.
 13899 | Lair:6   | Entered Level 6 of the Lair of Beasts
 14004 | Lair:6   | Received a gift from Trog
 14012 | Lair:6   | Reached skill level 14 in Unarmed Combat
 14746 | Lair:6   | Received a gift from Trog
 15163 | Lair:6   | Reached skill level 5 in Throwing
 15287 | Lair:6   | HP: 6/132 [wolf spider (18)]
 15288 | Lair:6   | Slain by a wolf spider

Vault maps used:
D:1:      nagdon_arrival_zigzag_paths, minivault_4
D:2:      chequers_serial_rivers_room_b, uniq_robin, uniq_jessica, uniq_terence
D:3:      wad_woods_tower
D:4:      grunt_temple_overflow_lords_of_destruction,
          grunt_temple_overflow_holy_war, overflow_temple_1_default,
          zin_academy, xom_redecorated, first_ration, serial_shops, shop,
          nicolae_dithmenos_the_darkroom
D:5:      serial_bayou_ford_a, solitary_fountain
D:6:      nicolae_overflow_hidden_temple, lemuel_doored_altar, serial_undead,
          serial_undead_f, serial_undead_d, serial_undead_d, serial_undead_f,
          serial_undead_f, serial_undead_f, serial_undead_a, serial_undead_b,
          serial_undead_b, serial_undead_e
D:7:      nicolae_overflow_crystal_walls, minmay_temple_entry_fiery,
          chequers_serial_rivers_micro_b, uniq_menkaure
D:8:      uniq_maurice
D:9:      okawaru_trees_1, lemuel_crystal_altar, orc_david_3, uniq_harold
D:10:     blue_anna_alchemist, hex_medium, hex_large, minivault_12
D:11:     david_lair_shrubbed, enter_trove_1, minmay_checkerbox, uniq_gastronok,
          uniq_psyche
D:12:     gammafunk_ghost_mausoleum
Lair:1:   uniq_sonja
Lair:2:   uniq_fannar
Lair:3:   elwin_shoals_entry_stream, minmay_lair_oklob_bushes
Lair:4:   guppyfry_snake_entry_garden
Lair:5:   slime_altar_1, chequers_serial_rivers_micro_e, serial_bayou_pond_c,
          serial_bayou_crossing
Lair:6:   hangedman_lair_tendril_chambers, grunt_forest_large_clearings

Skill      XL: |  1  2  3  4  5  6  7  8  9 10 11 12 13 |
---------------+----------------------------------------+-----
Unarmed Combat | 4 5 6 7 8 9 11 12 13 14 | 14.2
Fighting       | 3 4 5 6 7 8 9 |  9.6
Dodging        | 3 4 5 6 7 8 9 |  9.6
Evocations     | 1 2 3 4 6 7 |  7.8
Throwing       | 2 5 |  5.0
Armour         | 2 4 |  4.4

Action                   |  1- 3 |  4- 6 |  7- 9 | 10-12 | 13-15 || total
-------------------------+-------+-------+-------+-------+-------++-------
Melee: Unarmed           |   111 |   139 |   263 |   579 |   398 ||  1490
       Punch             |     1 |     2 |     8 |    29 |    18 ||    58
       Battleaxe         |       |       |       |     3 |     3 ||     6
Throw: Javelin           |     2 |     1 |     1 |     2 |       ||     6
       Large rock        |       |       |       |    10 |    14 ||    24
Invok: Berserk           |     1 |     1 |     5 |    14 |     7 ||    28
       Trog's Hand       |       |     1 |     2 |     5 |     5 ||    13
       Brothers in Arms  |       |       |     1 |     2 |     5 ||     8
Evoke: Wand              |       |       |       |       |     3 ||     3
  Use: Scroll            |       |       |       |    18 |     1 ||    19
       Potion            |       |       |       |       |     2 ||     2
 Stab: Distracted        |       |       |       |       |     2 ||     2
  Eat: Chunk             |    16 |    17 |    24 |    83 |    47 ||   187
       Ration            |       |       |     2 |       |       ||     2
Armor: Animal skin       |    56 |    29 |    78 |    86 |       ||   249
       Troll leather arm |       |       |       |   127 |   159 ||   286
Dodge: Dodged            |    65 |    52 |   174 |   346 |   319 ||   956

Table legend:
 A = Non-vault XP
 B = Vault XP
 C = Vault XP percentage of total XP
 D = Non-vault monster count
 E = Vault monster count
 F = Vault count percentage of total count
                 A         B        C        D         E       F
            +---------+---------+-------+---------+---------+-------
      Total |   42965 |   21378 |  33.2 |     365 |     121 |  24.9
            +---------+---------+-------+---------+---------+-------
        D:1 |      61 |       0 |   0.0 |      29 |       0 |   0.0
        D:2 |      69 |     106 |  60.6 |      19 |      14 |  42.4
        D:3 |      38 |      37 |  49.3 |      19 |       6 |  24.0
        D:4 |     549 |      48 |   8.0 |      20 |       1 |   4.8
        D:5 |    1003 |       0 |   0.0 |      19 |       0 |   0.0
        D:6 |     680 |     474 |  41.1 |      11 |      25 |  69.4
        D:7 |     971 |     169 |  14.8 |      13 |       1 |   7.1
        D:8 |    2330 |     635 |  21.4 |      23 |       4 |  14.8
        D:9 |    1255 |    1117 |  47.1 |      17 |       3 |  15.0
       D:10 |     543 |     100 |  15.6 |      15 |       1 |   6.2
       D:11 |    4221 |    4696 |  52.7 |      31 |       7 |  18.4
       D:12 |    5818 |       0 |   0.0 |      45 |       0 |   0.0
     Lair:1 |    5612 |     404 |   6.7 |      21 |       1 |   4.5
     Lair:2 |    4060 |    1023 |  20.1 |      16 |       1 |   5.9
     Lair:3 |    2548 |    1431 |  36.0 |      13 |       5 |  27.8
     Lair:4 |    2872 |     332 |  10.4 |      15 |       2 |  11.8
     Lair:5 |    3375 |       0 |   0.0 |       9 |       0 |   0.0
     Lair:6 |    6960 |   10806 |  60.8 |      30 |      50 |  62.5
            +---------+---------+-------+---------+---------+-------
